 Dungeon Crawl Stone Soup version 0.32-a0-22-g6ae6769602 (webtiles) character file.

Game seed: 9672352400780432015

741 gelatine the Chopper (level 7, -1/53 HPs)
             Began as a Demonspawn Fighter on Jan 19, 2024.
             Slain by a +1 spectral club (5 damage)
             ... created by Ijyb
             ... on level 5 of the Dungeon.
             The game lasted 00:09:22 (3337 turns).

gelatine the Chopper (Demonspawn Fighter)           Turns: 3337, Time: 00:09:22

Health: -1/53      AC:  8    Str: 24    XL:     7   Next: 47%
Magic:  7/7        EV: 11    Int:  9    God:
Gold:   176        SH: 10    Dex: 12    Spells: 6/6 levels left

rFire   + . .        a - +0 war axe
rCold   . . .        c - +0 buckler
rNeg    . . .        s - +3 leather armour {rF+}
rPois   .            (no helmet)
rElec   .            x - scarf {+Inv}
rCorr   .            (no gloves)
SInv    .            (no boots)
Will    .....        i - amulet of reflection
Stlth   +            k - +6 ring of strength
HPRegen 0.28/turn    (no ring)
MPRegen 0.10/turn

%: reflection
@: mighty
A: yellow scales 1, spiny 1, demonic touch 2
a: Evoke Invisibility


You were on level 5 of the Dungeon.
You visited 2 branches of the dungeon, and saw 6 of its levels.

You collected 176 gold pieces.

Inventory:

Hand Weapons
 a - a +0 war axe (weapon)
Missiles
 t - 2 silver javelins (quivered)
Armour
 b - a +0 scale mail
 c - a +0 buckler (worn)
 s - a +3 leather armour of fire resistance (worn)
 x - a scarf of invisibility (worn)
Jewellery
 i - an amulet of reflection (around neck)
 k - a +6 ring of strength (left hand)
Talismans
 f - a serpent talisman
Wands
 m - a wand of iceblast (2)
 w - a wand of digging (4)
Scrolls
 e - 4 scrolls of identify {unknown}
 h - 2 scrolls of vulnerability {unknown}
 j - 2 scrolls of amnesia {unknown}
 p - a scroll of enchant weapon {unknown}
 r - a scroll of enchant armour {unknown}
 u - a scroll of revelation {unknown}
Potions
 g - a potion of invisibility {unknown}
 l - a potion of curing {unknown}
 n - 2 potions of heal wounds {unknown}
 o - a potion of mutation {unknown}
 q - 2 potions of attraction {unknown}
 v - a potion of ambrosia {unknown}


   Skills:
 * Level 3.9 Fighting
 * Level 5.0 Axes
 * Level 4.3 Armour
 * Level 1.7 Dodging
 + Level 1.1 Stealth
 * Level 4.1 Shields
 * Level 0.2 Spellcasting
 * Level 0.3 Evocations


You had 6 spell levels left.
You didn't know any spells.
Your spell library contained the following spells:

 Spells                   Type           Power      Damage    Failure   Level
 Sandblast                Erth           0%         2d4       50%         1
 Shock                    Conj/Air       0%         1d3       50%         1
 Frozen Ramparts          Ice            0%         1d1       86%         3
 Passwall                 Erth           0%         N/A       86%         3
 Stone Arrow              Conj/Erth      0%         3d7       86%         3
 Swiftness                Air            0%         N/A       86%         3
 Tukima's Dance           Hex            0%         N/A       86%         3
 Airstrike                Air            0%         2d(0-16)  99%         4
 Brom's Barrelling Bould  Conj/Erth      0%         2d3       99%         4
 Leda's Liquefaction      Alch/Erth      0%         N/A       99%         4
 Passage of Golubria      Tloc           0%         N/A       99%         4
 Petrify                  Alch/Erth      0%         N/A       99%         4
 Lee's Rapid Deconstruct  Erth           0%         3d4*      100%        5
 Metabolic Englaciation   Hex/Ice        0%         N/A       100%        5
 Yara's Violent Unravell  Hex/Alch       0%         3d3       100%        5
 Bombard                  Conj/Erth      0%         9d1       100%        6


Dungeon Overview and Level Annotations

Branches:
Dungeon (5/15)             Temple (1/1) D:4

Altars:
Ashenzari
Cheibriados
Gozag
Hepliaklqana
Kikubaaqudgha
Nemelex Xobeh
Okawaru
Ru
Sif Muna
Uskayaw
Vehumet
Wu Jian
Xom
Yredelemnul

Shops:
D:2 :

Annotations:
D:5 Ijyb


Innate Abilities, Weirdness & Mutations

You are partially covered in yellow scales. (AC +2)
You are partially covered in sharp spines.
Your touch may inflict irresistible damage on your foes.


Message History

The bolt of dispelling energy misses you.
Unknown command.
You miss the +1 spectral club. You hit Ijyb.
The +1 spectral club disappears.
Ijyb closely misses you.
The +1 spectral club is struck by your spines.
Ijyb shares her spectral weapon's damage!
The +1 spectral club hits you. Ijyb barely misses you.
You block the +1 spectral club's attack.
A +1 spectral club comes into view.
You barely miss Ijyb.
Ijyb is moderately wounded.
You hit the +1 spectral club.
Ijyb shares her spectral weapon's damage!
Ijyb zaps a wand.
The bolt of dispelling energy hits you.
Unknown command.
You hit Ijyb.
Ijyb is heavily wounded.
You hit the +1 spectral club.
Ijyb shares her spectral weapon's damage!
The +1 spectral club disappears.
Ijyb zaps a wand.
The bolt of dispelling energy hits you!!
Unknown command.
You closely miss Ijyb.
Ijyb is severely wounded.
You block Ijyb's attack. The +1 spectral club hits you.
Ijyb hits you with a +1 spectral club.
The +1 spectral club is struck by your spines.
Ijyb shares her spectral weapon's damage!
The +1 spectral club hits you but does no damage.
A +1 spectral club comes into view.
You closely miss Ijyb.
Ijyb is almost dead.
You closely miss the +1 spectral club.
Ijyb zaps a wand.
The bolt of dispelling energy hits you!
* * * LOW HITPOINT WARNING * * *
Unknown command.
You feel very mighty all of a sudden.
You block the +1 spectral club's attack.
The +1 spectral club hits you.
You die...

...#..#....####.........#
...........#..........#
..............###....#### #
#.......##.....#####....#...
...##...##.....#####........
..####..##..................
....#...##........##........
#......###........##...>....
##...... ......g@.##.....##.
#...#.. .....((..###.####
###..##.#....#...... .#
....######............#
.#....## .(..####.....#
....#.. .... #.....# ...#..#
..# ####.... )..#..# ## ..##
#..#..#


You could see a +1 spectral club and Ijyb.

Vanquished Creatures
  An ice beast (D:5)
  A black bear (D:4)
  The ghost of Azoth the Grave Robber, an amateur DENe (D:3)
  A scorpion (D:4)
  A bombardier beetle (D:3)
  2 orc priests (D:4)
  Natasha (thrice) (D:3)
  2 iguanas
  A sleepcap (D:5)
  A hound zombie (D:3)
  5 adders
  An adder zombie (D:3)
  5 dart slugs
  3 ribbon worms
  12 orcs (D:4)
  11 ball pythons
  8 endoplasms
  3 giant cockroaches
  9 goblins
  6 hobgoblins
  3 quokkas (D:1)
  2 bats (D:2)
  3 frilled lizards (D:3)
  A giant cockroach zombie (D:3)
  A jackal zombie (D:3)
  7 kobolds
  8 rats
102 creatures vanquished.

Notes
Turn   | Place    | Note
-------+----------+-------------------------------------------
     0 | D:1      | gelatine the Demonspawn Fighter began the quest for the
                  | Orb.
     0 | D:1      | Reached XP level 1. HP: 18/18 MP: 1/1
   116 | D:1      | Gained mutation: Your touch may inflict minor irresistible
                  | damage on your foes. [demonic ancestry]
   116 | D:1      | Reached XP level 2. HP: 24/24 MP: 2/2
   274 | D:1      | Reached skill level 2 in Axes
   366 | D:1      | Gained mutation: You are partially covered in sharp spines.
                  | [demonic ancestry]
   366 | D:1      | Reached XP level 3. HP: 24/29 MP: 3/3
   722 | D:2      | You fall into a shaft and drop 1 floor!
   751 | D:3      | Noticed Natasha
   759 | D:3      | Killed Natasha
   760 | D:3      | Reached XP level 4. HP: 4/35 MP: 4/4
   803 | D:3      | Noticed Natasha
   814 | D:3      | Killed Natasha
   815 | D:3      | Reached skill level 1 in Stealth
  1005 | D:3      | Reached skill level 1 in Dodging
  1005 | D:3      | Gained mutation: You are partially covered in yellow
                  | scales. (AC +2) [demonic ancestry]
  1005 | D:3      | Reached XP level 5. HP: 38/41 MP: 5/5
  1108 | D:3      | Found a basalt altar of Yredelemnul.
  1119 | D:3      | Reached skill level 3 in Axes
  1124 | D:3      | Found a runed translucent gate.
  1125 | D:3      | Found a runed translucent gate.
  1125 | D:3      | Found a runed translucent gate.
  1164 | D:3      | Noticed Natasha
  1172 | D:3      | Killed Natasha
  1404 | D:3      | Found a faded altar of an unknown god.
  1584 | D:3      | Noticed Azoth's ghost (amateur DENe)
  1593 | D:3      | Killed Azoth's ghost
  1594 | D:3      | Reached XP level 6. HP: 39/47 MP: 6/6
  1631 | D:2      | Found Haiv Bom's Book Boutique.
  2254 | D:4      | Found a hazy altar of Hepliaklqana.
  2255 | D:4      | Found a shimmering altar of Xom.
  2255 | D:4      | Noticed a hell beast
  2256 | D:4      | Noticed a spectral ugly thing
  2256 | D:4      | Noticed a hell beast
  2553 | D:4      | Reached skill level 4 in Axes
  2853 | D:4      | Gained mutation: Your touch may inflict irresistible damage
                  | on your foes. [demonic ancestry]
  2853 | D:4      | Reached XP level 7. HP: 37/53 MP: 7/7
  2950 | D:4      | Found a staircase to the Ecumenical Temple.
  2963 | Temple   | Entered the Ecumenical Temple
  3150 | D:5      | Entered Level 5 of the Dungeon
  3264 | D:5      | Reached skill level 5 in Axes
  3324 | D:5      | Noticed Ijyb
  3337 | D:5      | Slain by a +1 spectral club

Illustrated notes

Levels and vault maps discovered:
D:1:      sevenhm_arrival_forest_fort_large_1, layout_rooms
D:2:      layout_loops_ring, serial_shops, shop
D:3:      layout_loops_ring, nicolae_yredelemnul_corpse_copse,
          shapermc_ecumenical_altar_acropolis, ebering_ghost_rock_garden,
          uniq_natasha
D:4:      layout_rooms, regret_index_temple_of_mockery,
          lemuel_temple_firewalk_b, corexii_shack
D:5:      layout_cave_pools, zin_angel, serial_park, serial_park_tiny_2,
          serial_park_square1 [serial_park_minivault_5x5_7], uniq_ijyb,
          uniq_blork_the_orc
Temple:   hellmonk_temple_two_chambers

Skill      XL: |  1  2  3  4  5  6  7 |
---------------+----------------------+-----
Armour         | 3 4 |  4.3
Axes           | 2 3 4 5 |  5.0
Shields        | 3 4 |  4.1
Stealth        | 1 |  1.1
Dodging        | 1 |  1.7
Fighting       | |  3.9
Spellcasting   | |  0.2
Evocations     | |  0.3

Action                     |  1- 3 |  4- 6 |  7- 9 || total
---------------------------+-------+-------+-------++-------
  Melee: War axe           |    78 |   142 |    31 ||   251
  Throw: Javelin           |       |       |     2 ||     2
  Evoke: Wand              |       |     1 |       ||     1
    Use: Potion            |       |       |     1 ||     1
 Armour: Scale mail        |    59 |    44 |       ||   103
         Leather armour    |       |    26 |    17 ||    43
  Dodge: Dodged            |    28 |    59 |    12 ||    99
  Block: Buckler           |    25 |    78 |    18 ||   121
         Reflection        |       |     4 |     1 ||     5

Table legend: (Time is in decaauts)
 A = Elapsed time spent in this place.
 B = Non-inter-level travel time spent in this place.
 C = Inter-level travel time spent in this place.
 D = Time resting spent in this place.
 E = Time spent auto-exploring this place.
 F = Levels seen in this place.
 G = Mean time per level.
                   A        B        C        D        E       F      G
               +--------+--------+--------+--------+--------+-----+--------+
         Total |   3463 |   3290 |    173 |      0 |   2393 |   6 |  577.2 |
       Dungeon |   3461 |   3288 |    173 |      0 |   2393 |   5 |  692.2 |
        Temple |      1 |      1 |      0 |      0 |      0 |   1 |    1.0 |
               +--------+--------+--------+--------+--------+-----+--------+

Top non-repeatable levels by time:
     D:3: 1004 daAuts
     D:4: 923 daAuts
     D:1: 687 daAuts
     D:2: 650 daAuts
     D:5: 196 daAuts
  Temple: 1 daAuts
